 Dungeon Crawl Stone Soup version 0.30.0-16-gbe6223bb7e (webtiles) character file.

Game seed: 10413642028710825441

30 browni3141 the Caller (level 3, -1/24 HPs)
             Began as a Mummy Summoner on May 21, 2023.
             Slain by a goblin
             ... wielding a +0 club
             ... led by Robin
              (3 damage)
             ... on level 2 of the Dungeon.
             The game lasted 00:01:29 (578 turns).

browni3141 the Caller (Mummy Summoner)               Turns: 578, Time: 00:01:29

Health: -1/24      AC:  2    Str: 11    XL:     3   Next: 5%
Magic:  6/7        EV: 12    Int: 16    God:
Gold:   34         SH:  0    Dex: 12    Spells: 7/8 levels left

rFire   x . .        K - +0 short sword
rCold   + . .        (no shield)
rNeg    + + +        a - +0 robe
rPois   ∞            (no helmet)
rElec   .            (no cloak)
rCorr   .            (no gloves)
SInv    .            (no boots)
Will    .....        (no amulet)
Stlth   ++           (no ring)
HPRegen 0.24/turn    (no ring)
MPRegen 0.10/turn

%: faith
@: no status effects
A: cold resistance 1, negative energy resistance 3, torment resistance 2, heat
vulnerability 1, in touch with death 1, no potions, faith
a: no special abilities


You were on level 2 of the Dungeon.
You visited 1 branch of the dungeon, and saw 2 of its levels.

You collected 34 gold pieces.

Inventory:

Hand Weapons
 K - a +0 short sword (weapon)
Missiles
 J - 2 poisoned darts
 M - 3 atropa-tipped darts
 T - 5 boomerangs
Armour
 a - a +0 robe (worn)
Scrolls
 L - a scroll of vulnerability {unknown}
 N - a scroll of blinking {unknown}
 O - a scroll of magic mapping {unknown}
 P - 3 scrolls of identify {unknown}
 U - a scroll of enchant armour {unknown}


   Skills:
 - Level 1.5 Dodging
 - Level 1.6 Stealth
 + Level 3.3 Spellcasting
 * Level 3.9 Summonings


You had 7 spell levels left.
You knew the following spells:

 Your Spells              Type           Power      Damage    Failure   Level
z - Summon Small Mammal   Summ           60%        N/A       3%          1

Your spell library contained the following spells:

 Spells                   Type           Power      Damage    Failure   Level
 Call Imp                 Summ           30%        N/A       5%          2
 Call Canine Familiar     Summ           15%        N/A       11%         3
 Summon Guardian Golem    Hex/Summ       8%         N/A       24%         3
 Summon Lightning Spire   Summ/Air       8%         N/A       63%         4


Dungeon Overview and Level Annotations

Branches:
Dungeon (2/15)

Altars:

Annotations:
D:2 Robin


Innate Abilities, Weirdness & Mutations

You are immune to poison.
Your flesh is cold resistant. (rC+)
You are immune to negative energy. (rN+++)
You are immune to unholy pain and torment.
You are vulnerable to heat. (rF-)
You are in touch with the powers of death.
You do not drink.
You have a special connection with the divine. (Faith)


Message History

A ball python is nearby!
Found a stone staircase leading up.
The ball python hisses angrily.
The ball python bites you but does no damage.
The ball python grabs you. The ball python constricts you.
You closely miss the ball python. The ball python bites you.
The ball python constricts you. The ball python closely misses you.
The ball python constricts you.
You barely miss the ball python. The ball python barely misses you.
The ball python constricts you.
You escape the ball python's grasp.
You swap places.
Your bat barely misses the ball python.
The ball python barely misses you. x2
You hit the ball python but do no damage.
Your bat barely misses the ball python.
The ball python barely misses you. The ball python grabs you.
The ball python constricts you.
You hit the ball python.
You kill the ball python!
No target in view!
You see here a ball python corpse.
You swap places.
You see here a ball python corpse.
Your bat disappears in a puff of smoke!
There is an open door here.
U - a scroll labelled QEQADGH BIMIADY You see here a rat corpse.
A giant cockroach comes into view.
You swap places.
The giant cockroach barely misses you.
You hit the giant cockroach but do no damage.
Your quokka barely misses the giant cockroach.
The giant cockroach bites you.
Your quokka bites the giant cockroach.
You barely miss the giant cockroach. Your punch misses the giant cockroach.
The giant cockroach is moderately wounded.
The giant cockroach bites you but does no damage.
Your quokka barely misses the giant cockroach.
You hit the giant cockroach but do no damage.
The giant cockroach is moderately wounded.
The giant cockroach bites you.
Your quokka bites the giant cockroach.
The giant cockroach dies!
You have reached level 3!
Your experience leads to an increase in your attributes!
Increase (S)trength, (I)ntelligence, or (D)exterity?
You feel clever. x2
You feel more in touch with the powers of death.
P - 3 scrolls labelled MURENN IBERHI (gained 1)
Your quokka disappears in a puff of smoke!
You open the door.
A ball python comes into view.
A ball python is nearby!
A ball python is nearby! 3 goblins come into view.
There is an open door here. 4 goblins come into view.
Found a stone staircase leading down.
The goblin shouts! x2; You hear a shout! x2; The goblin shouts!
The ball python hisses angrily.
You hear a shout!
You hear an angry hiss.
The goblin unwields a +0 dagger.
The goblin wields a +0 sling.
The goblin shoots a sling bullet.
The sling bullet hits you.
A hobgoblin comes into view.
Robin and 2 goblins come into view.
Robin is wielding a +2 whip of draining.
The goblin shouts! x2; The hobgoblin shouts!
You hear a bark!
Robin flexes a bicep menacingly.
Robin roars a battlecry!
The goblins go into a battle-frenzy!
The ball python closely misses you. The ball python misses you.
The goblin shouts!
You hear an angry hiss.
The goblin shouts! x2
The ball python barely misses you. The ball python closely misses you.
A goblin comes into view. It is wielding a +0 club.
Robin says, "My army is invincible!"
Robin throws the goblin at you! The goblin hits you with a +0 club.
You hit the ball python.
The ball python is heavily wounded.
Your bat barely misses the ball python.
The ball python barely misses you. The ball python closely misses you.
A frilled lizard comes into view.
The goblin barely misses you.
You hit the ball python.
You kill the ball python!
Your bat closely misses the goblin.
The goblin hits you with a +0 dagger. The goblin hits you with a +0 club.
* * * LOW HITPOINT WARNING * * *
The goblin attacks as you move away! The goblin hits you with a +0 club.
* * * LOW HITPOINT WARNING * * *
Your bat hits the goblin.
The goblin shoots a sling bullet.
The sling bullet misses you.
The goblin hits your bat with a +0 club!
Your bat dies!
Your bat's corpse disappears in a puff of smoke!
The goblin hits you but does no damage. The goblin attacks as you move away!
The goblin hits you with a +0 dagger.
* * * LOW HITPOINT WARNING * * *
There is an open door here.
The goblin shoots a sling bullet.
The sling bullet hits you.
* * * LOW HITPOINT WARNING * * *
Robin throws the goblin at you!
* * * LOW HITPOINT WARNING * * *
You hear a bark!
You closely miss the goblin. The goblin hits you with a +0 club.
You die...

.............# #....
......##.....# #...
.............# #...
......#....... .#######..
......#....... .....g...#
#######.PP⌠⌠⌠P .......g.#
#...#...~P....
....g..g.#####...#.#.~.####
......gggg@g.........PP#_..
.>...lgg.#####...###.⌠.####
....###### #...# #.~.P...
... #########...# #.~~~~~.
. #...........# #.......
#...........# ##<##...
#...........# #.##...
#...........# #.##...
#......†....# #.####.


You could see Robin, a hobgoblin (strong), 9 goblins and a frilled lizard.

Vanquished Creatures
  3 ball pythons (D:2)
  A bat (D:2)
  A frilled lizard (D:2)
  3 kobolds
  A rat (D:2)
9 creatures vanquished.

Vanquished Creatures (collateral kills)
  An adder (D:2)
  A dart slug (D:1)
  An endoplasm (D:1)
  A giant cockroach (D:2)
  3 hobgoblins
  2 ball pythons
  2 frilled lizards
11 creatures vanquished.

Grand Total: 20 creatures vanquished

Notes
Turn   | Place    | Note
-------+----------+-------------------------------------------
     0 | D:1      | browni3141 the Mummy Summoner began the quest for the Orb.
     0 | D:1      | Reached XP level 1. HP: 13/13 MP: 4/4
   105 | D:1      | Reached skill level 3 in Spellcasting
   105 | D:1      | Reached XP level 2. HP: 3/19 MP: 3/6
   246 | D:1      | You fall into a shaft and drop 1 floor!
   268 | D:2      | Found a faded altar of an unknown god.
   530 | D:2      | Gained mutation: You are in touch with the powers of death.
                  | [Mummy growth]
   530 | D:2      | Reached XP level 3. HP: 22/24 MP: 5/7
   571 | D:2      | Noticed Robin
   577 | D:2      | HP: 1/24 [Robin/goblin (1)]
   578 | D:2      | Slain by a goblin

Illustrated notes

Levels and vault maps discovered:
D:1:      ncdulo_halloftheorcs, layout_basic
D:2:      layout_basic, shapermc_ecumenical_altar_acropolis, basic_altar,
          uniq_jessica, uniq_crazy_yiuf_cottage, uniq_robin

Skill      XL: |  1 |
---------------+----+-----
Spellcasting   | 3 |  3.3
Dodging        | |  1.5
Stealth        | |  1.6
Summonings     | |  3.9

Action                     || total
---------------------------++-------
  Melee: Unarmed           ||    33
         Short sword       ||    32
   Cast: Summon Small Mamm ||    13
   Stab: Distracted        ||     1
 Armour: Robe              ||    11
  Dodge: Dodged            ||    60
